 Dungeon Crawl Stone Soup version 0.14-a0-1637-gd423c14 (webtiles) character file.

479 ReteAZ the Grappler (level 6, -2/37 HPs)
             Began as a Gargoyle Monk on Dec 26, 2013.
             Slain by Mitsuki's ghost (11 damage)
             ... on Level 5 of the Dungeon.
             The game lasted 00:08:43 (3185 turns).

ReteAZ the Grappler (Gargoyle Monk)                 Turns: 3185, Time: 00:08:43

HP  -2/37        AC  6     Str 15      XL: 6   Next: 48%
MP   6/6         EV 13     Int 10      God:
Gold 154         SH  0     Dex 14      Spells:  0 memorised,  5 levels left

rFire  . . .     SeeInvis .       - Unarmed
rCold  . . .     Clarity  .     g - +0 elf robe
rNeg   + . .     Conserve .     (no shield)
rPois  +         rCorr    .     (no helmet)
rElec  +         rRot     +     (no cloak)
SustAb . .       Spirit   .     (no gloves)
rMut   .         Warding  .     (no boots)
Saprov . . .     Stasis   .     (no amulet)
                                (no ring)
                                (no ring)

@: slightly resistant to hostile enchantments, fairly stealthy
A: life protection 1, electricity resistance, unbreathing, petrification
resistance, AC +4
a: no special abilities


You were on level 5 of the Dungeon.
You were not hungry.

You visited 1 branch of the dungeon, and saw 5 of its levels.

You collected 154 gold pieces.

Inventory:

Missiles
 i - 10 darts (quivered)
Armour
 a - a +0 robe
 g - a +0 elven robe (worn)
Comestibles
 b - 3 bread rations
 o - a rotting chunk of bat flesh
 q - 2 chokos
 s - 3 apples
 t - 2 chunks of worm flesh
 z - a royal jelly
 B - 3 rotting chunks of giant frog flesh
Scrolls
 c - 7 scrolls of identify {unknown}
 d - 2 scrolls of teleportation {unknown}
 h - a scroll of magic mapping {unknown}
 j - a scroll of curse weapon {unknown}
 k - 3 scrolls of remove curse {unknown}
 l - a scroll of fear {unknown}
 m - a scroll of curse jewellery {unknown}
 u - a scroll of fog {unknown}
 y - a scroll of blinking {unknown}
 A - a scroll of noise {unknown}
Potions
 e - 2 potions of speed {unknown}
 f - a potion of poison {unknown}
 n - a potion of invisibility {unknown}
 p - 3 potions of agility {unknown}
 r - a potion of brilliance {unknown}


   Skills:
 - Level 3.2 Fighting
 - Level 2.4 Dodging
 - Level 2.1 Stealth
 + Level 8.3 Unarmed Combat


You had 5 spell levels left.
You didn't know any spells.

Dungeon Overview and Level Annotations

Branches:
Dungeon (5/16)
 Temple: D:4-7

Altars:
Fedhas
Yredelemnul

Annotations:
D:3 CrazyArbalest's ghost, average OgBe
D:4 Edmund; Pikel
D:5 Mitsuki's ghost, experienced DDBe


Innate Abilities, Weirdness & Mutations

You are resistant to torment.
You are immune to poison.
Your stone body is very resilient (AC +4).
You resist negative energy.
You are resistant to electric shocks.
You can survive without breathing.
You are immune to petrification.


Message History

Mitsuki's ghost hits you.
You hit Mitsuki's ghost.
Mitsuki's ghost is heavily damaged.
Mitsuki's ghost hits you.
You hit Mitsuki's ghost.
Mitsuki's ghost is heavily damaged.
Mitsuki's ghost hits you!
* * * LOW HITPOINT WARNING * * *
A worm comes into view.
Mitsuki's ghost screams in joy, "As in life, so in death: Kill!
Kill!!
Kill!!!"
There is an open door here.
There is a stone staircase leading up here.
Press: ? - help, v - describe, . - travel
Here: Mitsuki's ghost (heavily damaged)
The floor.
Mitsuki's ghost is nearby!
Press: ? - help, v - describe, . - travel A stone staircase leading up.
Mitsuki's ghost hits you!
You die...

w.#...........#
###.............
#...........##
####.########
#.....# #####.#
#####'#####
#..)p.....#
+..@......#
#..%......#
#.............
#..........#...
#.........## ##
###########


You could see Mitsuki's ghost.

Vanquished Creatures
  A phantom (D:5)
  A giant frog (D:4)
  A crimson imp (D:4)
  A worker ant zombie (D:5)
  6 adders
  A giant mite (D:1)
  A worm (D:5)
  An ooze (D:2)
  2 orcs (D:3)
  A ball python (D:1)
  8 bats
  3 giant cockroaches
  9 hobgoblins
  2 jackals (D:1)
  14 kobolds
  3 quokkas (D:2)
  3 giant newts
  5 goblins
  13 rats
76 creatures vanquished.

Notes
Turn   | Place    | Note
--------------------------------------------------------------
     0 | D:1      | ReteAZ, the Gargoyle Monk, began the quest for the Orb.
     0 | D:1      | Reached XP level 1. HP: 14/14 MP: 1/1
   201 | D:1      | Reached XP level 2. HP: 16/19 MP: 2/2
   310 | D:1      | Reached skill level 5 in Unarmed Combat
   630 | D:1      | Reached XP level 3. HP: 21/23 MP: 3/3
  1441 | D:2      | Reached skill level 6 in Unarmed Combat
  1441 | D:2      | Reached XP level 4. HP: 21/28 MP: 4/4
  2338 | D:3      | Noticed CrazyArbalest's ghost (average OgBe)
  2616 | D:3      | Found a basalt altar of Yredelemnul.
  2631 | D:3      | Reached XP level 5. HP: 30/32 MP: 5/5
  2706 | D:4      | Reached skill level 7 in Unarmed Combat
  2749 | D:4      | Noticed an ogre
  2809 | D:4      | Noticed Edmund
  2940 | D:4      | Noticed a slave
  2942 | D:4      | Noticed Pikel
  2959 | D:5      | Entered Level 5 of the Dungeon
  2973 | D:5      | Reached XP level 6. HP: 30/37 MP: 6/6
  2998 | D:5      | Noticed a phantom
  3023 | D:5      | Killed a phantom
  3023 | D:5      | Reached skill level 8 in Unarmed Combat
  3067 | D:5      | Noticed a centaur
  3069 | D:5      | Found a blossoming altar of Fedhas.
  3162 | D:5      | Noticed Mitsuki's ghost (experienced DDBe)
  3185 | D:5      | Slain by Mitsuki's ghost

Action                   |  1- 3 |  4- 6 || total
-------------------------+-------+-------++-------
Melee: Unarmed           |   109 |   145 ||   254
Throw: Dart              |     7 |    33 ||    40
 Stab: Sleeping          |     3 |     3 ||     6
